 Dungeon Crawl Stone Soup version 0.30.1-11-g7821555f0a (webtiles) character file.

Game seed: 13089122986216338205

11 comborobin the Sneak (level 2, -3/16 HPs)
             Began as a Spriggan Delver on Dec 4, 2023.
             Slain by a black bear (7 damage)
             ... on level 5 of the Dungeon.
             The game lasted 00:00:45 (174 turns).

comborobin the Sneak (Spriggan Delver)               Turns: 174, Time: 00:00:46

Health: -3/16      AC:  2    Str:  8    XL:     2   Next: 13%
Magic:  3/3        EV: 17    Int: 11    God:
Gold:   29         SH:  0    Dex: 16    Spells: 1/1 levels left

rFire   . . .        a - +0 short sword
rCold   . . .        (no shield)
rNeg    . . .        b - +0 robe
rPois   +            (helmet restricted)
rElec   .            (no cloak)
rCorr   .            (gloves unavailable)
SInv    +            (boots unavailable)
Will    .....        (no amulet)
Stlth   ++++         i - ring of poison resistance
HPRegen 0.22/turn    (no ring)
MPRegen 0.08/turn

%: no passive effects
@: flying, very quick
A: very small, no large weapons, unfitting armour, see invisible, speed 3
a: no special abilities


You were on level 5 of the Dungeon.
You visited 1 branch of the dungeon, and saw 3 of its levels.

You collected 29 gold pieces.

Inventory:

Hand Weapons
 a - a +0 short sword (weapon)
Armour
 b - a +0 robe (worn)
Jewellery
 i - a ring of poison resistance (left hand)
Wands
 g - a wand of digging (3)
Scrolls
 c - a scroll of fog
 d - a scroll of magic mapping
 e - a scroll of fear
 f - a scroll of blinking {unknown}


   Skills:
 - Level 2.4 Fighting
 + Level 2.5 Short Blades
 + Level 3.1 Dodging
 + Level 7.5 Stealth


You had one spell level left.
You didn't know any spells.
Your spell library was empty.

Dungeon Overview and Level Annotations

Branches:
Dungeon (6/15)
 Temple: D:4-7

Altars:


Innate Abilities, Weirdness & Mutations

You are very small and have problems with some larger weapons.
You are too small for most types of armour.
You have supernaturally acute eyesight. (SInv)
You cover ground extremely quickly. (Speed+++)


Message History

You closely miss the giant cockroach.
The giant cockroach is moderately wounded.
The giant cockroach closely misses you.
You hit the giant cockroach.
You kill the giant cockroach!
You see here a giant cockroach corpse.
You see here a giant cockroach corpse.
You start waiting.
Your extra speed is starting to run out.
i - a ring of poison resistance (left hand) It was a potion of flight.
You feel very buoyant.
You fly up into the air.
You start waiting.
You feel yourself slow down.
Found a crude ring mail.
You see here the +0 ring mail of Responsibility {Drain rElec rCorr Int+3 Slay+3}.
f - a scroll labelled VUISILUHIR Unknown command.
An adder comes into view.
The helpless adder fails to defend itself.
You impale the adder!!
You kill the adder!
Your Dodging skill increases to level 3!
You have reached level 2!
A black bear comes into view.
Found 6 gold pieces.
The helpless black bear fails to defend itself.
You impale the black bear!!
The black bear is severely wounded.
You hit the black bear but do no damage.
The black bear is severely wounded.
The black bear goes berserk!
You hit the black bear.
The black bear is almost dead.
The black bear bites you but does no damage.
The black bear claws you. x2; The black bear bites you.
* * * LOW HITPOINT WARNING * * *
The black bear claws you!
You die...

... ... ## ...
#.### .# #.. #.#.#
.# #.# #.#.$ .#
#.###.#.# .#
#.....#.# .#
#.....#.#
##########.###.#h#
.............#.#@#
########.....#...#
###.#####.# ###
###


You could see a black bear (berserk).

Vanquished Creatures
  An adder (D:5)
  A giant cockroach (D:5)
2 creatures vanquished.

Notes
Turn   | Place    | Note
-------+----------+-------------------------------------------
     0 | D:5      | comborobin the Spriggan Delver began the quest for the Orb.
     0 | D:5      | Reached XP level 1. HP: 11/11 MP: 2/2
     0 | D:5      | Identified the +2 scale mail "Neos" {Regen+ rCorr}
    30 | D:6      | Noticed a sky beast
    35 | D:6      | Noticed an orc priest
   128 | D:5      | Identified the +0 ring mail of Responsibility {Drain rElec
                  | rCorr Int+3 Slay+3}
   169 | D:5      | Reached XP level 2. HP: 16/16 MP: 3/3
   169 | D:5      | Noticed a black bear
   174 | D:5      | Slain by a black bear

Illustrated notes

Levels and vault maps discovered:
D:4:      layout_basic, old_standard_altar, fedhas_ov_isle_minmay,
          makhleb_altar_promises_db, nicolae_wu_jian_glorious_leap,
          grunt_ministairs_6, chequers_serial_rivers_room_b
D:5:      layout_basic, mainiacjoe_overflow_small_starburst, serial_shops, shop,
          abandoned_shop
D:6:      cheibrodos_iron_armory, layout_cave_pools, overflow_temple_1_default,
          lemuel_tele_altar, zin_scriptorium

Skill      XL: |  1 |
---------------+----+-----
Dodging        | 3 |  3.1
Fighting       | |  2.4
Short Blades   | |  2.5
Stealth        | |  7.5

Action                     || total
---------------------------++-------
  Melee: Short sword       ||    11
    Use: Potion            ||     3
   Stab: Sleeping          ||     2
 Armour: Robe              ||     1
  Dodge: Dodged            ||     7
